 Dungeon Crawl Stone Soup version 0.25.0-11-g1f837a76a1 (webtiles) character file.

Game seed: 11254279181377056579

63732 sentinel the Executioner (level 15, -2/137 HPs)
             Began as a Hill Orc Air Elementalist on June 26, 2020.
             Was a Follower of Qazlal.
             Slain by a ghoul (20 damage)
             ... on level 13 of the Dungeon.
             The game lasted 00:59:30 (31154 turns).

sentinel the Executioner (HOAE)                    Turns: 31154, Time: 00:59:31

Health: -2/137     AC: 18    Str: 22    XL:     15   Next: 10%
Magic:  21/22      EV: 10    Int: 15    God:    Qazlal [*.....]
Gold:   1278       SH:  7    Dex: 12    Spells: 16/17 levels left

rFire    . . .     SeeInvis .   H - +0 broad axe (vorpal)
rCold    x . .     Gourm    .   T - +0 buckler {rC+}
rNeg     . . .     Faith    .   K - +1 chain mail {rPois}
rPois    +         Spirit   .   L - +1 hat of Watchfulness {MR+ Str+4}
rElec    +         Reflect  .   O - scarf {+Inv}
rCorr    .         Harm     .   b - +1 pair of gloves {Dex+3}
MR       ++...                  J - +2 pair of boots
Stlth    ..........             (no amulet)
HPRegen  0.32/turn              R - ring "Ipripne" {Fire rElec rPois}
MPRegen  0.18/turn              p - +4 ring of protection

@: corroded, very slightly contaminated, invisible
A: clumsy 1, no stealth, no earth magic, no necromancy magic, no summoning
magic, inexperienced 1, temperature sensitive
a: Renounce Religion


You were on level 13 of the Dungeon.
You worshipped Qazlal.
Qazlal was aware of your devotion.
You were not hungry.

You visited 3 branches of the dungeon, and saw 20 of its levels.
You also visited: Gauntlet and Ice Cave.

You collected 1278 gold pieces.

Inventory:

Hand Weapons
 a - a +1 whip of electrocution
 H - a +0 vorpal broad axe (weapon)
 W - the +5 long sword "Tolaboax" {distort, +Rage}
   (You found it on level 1 of the Lair of Beasts)

   It warps and distorts space around it.
   Unwielding it can cause banishment or high damage.
   It lets you go berserk.
Missiles
 C - a throwing net (quivered)
 U - 17 silver javelins
 Z - 5 curare-tipped darts
Armour
 b - a +1 pair of gloves of dexterity (worn)
 v - a +0 cloak of preservation
 y - a +2 helmet of see invisible
 J - a +2 pair of boots (worn)
 K - a +1 chain mail of poison resistance (worn)
 L - the +1 hat of Watchfulness (worn) {MR+ Str+4}
   (You found it in a Gauntlet)

   It affects your strength (+4).
   It affects your resistance to hostile enchantments.
 O - a scarf of invisibility (worn)
 T - a +0 buckler of cold resistance (worn)
Magical Staves
 c - an uncursed staff of wizardry {!a}
Jewellery
 k - an uncursed ring of resist corrosion
 m - an uncursed ring of protection from magic
 p - a +4 ring of protection (right hand)
 R - the ring "Ipripne" (left hand) {Fire rElec rPois}
   (You found it on level 4 of the Lair of Beasts)

   [ring of fire]

   It enhances your fire magic.
   It protects you from fire.
   It makes you vulnerable to cold.
   It insulates you from electricity.
   It protects you from poison.
Wands
 A - a wand of acid (13)
 D - a wand of digging (5)
 E - a wand of enslavement (18)
 I - a wand of iceblast (3)
 V - a wand of flame (90)
Scrolls
 j - a scroll of noise {unknown}
 n - 4 scrolls of enchant armour
 t - 5 scrolls of teleportation
 w - a scroll of vulnerability
 x - 7 scrolls of remove curse
 z - a scroll of blinking
 B - 3 scrolls of immolation
 G - a scroll of enchant weapon
 Q - 2 scrolls of acquirement
 S - 6 scrolls of fear
 X - 2 scrolls of brand weapon
Potions
 d - 4 potions of might
 f - a potion of ambrosia
 h - a potion of haste
 l - 3 potions of lignification
 o - a potion of magic
 q - 4 potions of curing
 s - 7 potions of brilliance
 u - 5 potions of flight
 F - 4 potions of stabbing
 M - a potion of berserk rage
 N - 2 potions of cancellation
 P - 2 potions of invisibility
Miscellaneous
 Y - a lightning rod (1/4)
Comestibles
 e - 33 rations


   Skills:
 - Level 13.9 Fighting
   Level 4.0 Short Blades
 - Level 22.6 Axes
 - Level 8.1 Armour
 - Level 4.0 Dodging
 - Level 5.0 Shields
 - Level 1.5 Spellcasting
 - Level 1.0 Conjurations
 - Level 2.4 Air Magic
 * Level 9.8 Invocations
 - Level 6.1 Evocations


You had 16 spell levels left.
You knew the following spells:

 Your Spells              Type           Power        Failure   Level  Hunger
a - Shock                 Conj/Air       #...         61%         1    ##.....

Your spell library contained the following spells:

 Spells                   Type           Power        Failure   Level  Hunger
 Magic Dart               Conj           #...         71%         1    ##.....
 Swiftness                Chrm/Air       #.......     82%         2    ###....
 Beastly Appendage        Tmut           #.....       85%         1    ##.....
 Freeze                   Ice            #...         85%         1    ##.....
 Searing Ray              Conj           #.....       85%         2    ###....
 Static Discharge         Conj/Air       #.......     93%         3    ####...
 Ensorcelled Hibernation  Hex/Ice        #.....       94%         2    ###....
 Sticks to Snakes         Tmut           #.......     94%         2    ###....
 Dazzling Flash           Conj/Hex       #.....       98%         3    ####...
 Confusing Touch          Hex            #.......     99%         3    ####...
 Gell's Gravitas          Tloc           #.........   99%         3    ####...
 Ozocubu's Armour         Chrm/Ice       #.......     99%         3    ####...
 Spider Form              Tmut/Pois      #.........   99%         3    ####...
 Tukima's Dance           Hex            #.......     99%         3    ####...
 Airstrike                Air            #.........   99%         4    #####..
 Fulminant Prism          Conj/Hex       #.........   100%        4    #####..
 Ice Form                 Ice/Tmut       #.......     100%        4    #####..
 Iskenderun's Mystic Bla  Conj/Tloc      #.......     100%        4    #####..
 Blade Hands              Tmut           #.........   100%        5    ######.
 Lightning Bolt           Conj/Air       #.........   100%        5    ######.
 Metabolic Englaciation   Hex/Ice        #.........   100%        5    ######.
 Silence                  Hex/Air        #.........   100%        5    ######.
 Yara's Violent Unravell  Hex/Tmut       #.........   100%        5    ######.
 Freezing Cloud           Conj/Ice/Air   #.........   100%        6    #######
 Petrify                  Tmut/Erth      Unusable     N/A         4    N/A

Dungeon Overview and Level Annotations

Branches:
Dungeon (13/15)            Temple (1/1) D:5            Lair (6/6) D:9
 Shoals (0/4) Lair:3        Snake (0/4) Lair:4        Slime (0/5) Lair:5
    Orc (0/2) D:10          IceCv (visited)         Gauntlet (visited)
 Vaults: D:13-14

Altars:
Ashenzari
Cheibriados
Elyvilon
Fedhas
Gozag
Hepliaklqana
Kikubaaqudgha
Makhleb
Nemelex Xobeh
Okawaru
Qazlal
Ru
Sif Muna
Trog
Uskayaw
Vehumet
Wu Jian
Xom
Yredelemnul
Zin
The Shining One

Shops:
D:4 %   D:11 [

Annotations:
D:6 3 runed translucent doors, Flugkiller's ghost, amateur SpEn
D:7 1 runed translucent door, nebnoj's ghost, novice MiFi
D:8 2 transporters, SamuraiZach's ghost, novice TrBe
Lair:3 exclusion: 2 oklob plants
Lair:5 exclusion: 2 oklob plants
Lair:6 exclusion: oklob plant


Innate Abilities, Weirdness & Mutations

You are clumsy. (Dex -2)
You cannot be stealthy.
You cannot study or cast Earth magic.
You cannot study or cast Necromancy magic.
You cannot study or cast Summoning magic.
You are somewhat inexperienced. (-2 XL)
You are sensitive to extremes of temperature. (rF-, rC-)


Message History

You hit the ghoul. You slice the ghoul!!
The ghoul claws you but does no damage. x2
You hit the ghoul.
The ghoul claws you but does no damage. x2
You slice the ghoul!! You slash the ghoul!
You destroy the ghoul!
Qazlal accepts your kill.
No target in view!
No target in view!
The floor.
You see here 11 bolts.
You see here 18 stones.
You see here a ring mail.
There is a stone staircase leading down here.
You start resting.
You are starving!
You eat one of the 33 rations.
That ration really hit the spot!
You climb downwards.
Found a ration.
There is a stone staircase leading up here.
A bullfrog zombie comes into view.
But you're not safe!
You hit the withered plant but do no damage.
Found 2 scrolls of fear.
Found 6 gold pieces and 3 atropa-tipped darts.
The bullfrog zombie is engulfed in freezing vapours.
The bullfrog zombie barely misses you.
You closely miss the bullfrog zombie.
The bullfrog zombie is engulfed in freezing vapours.
You block the bullfrog zombie's attack.
You hit the bullfrog zombie.
The bullfrog zombie is engulfed in freezing vapours.
You block the bullfrog zombie's attack.
You hit the bullfrog zombie but do no damage.
The bullfrog zombie is engulfed in freezing vapours.
The bullfrog zombie misses you.
You chop the bullfrog zombie into pieces!!!
You destroy the bullfrog zombie!
Qazlal accepts your kill.
No target in view!
No target in view!
Found a potion of degeneration.
e - 33 rations (gained 1)
S - 5 scrolls of fear (gained 2)
S - 6 scrolls of fear (gained 1)
You now have 1267 gold pieces (gained 11).
A bullfrog zombie comes into view.
The bullfrog zombie hits you but does no damage.
You hit the bullfrog zombie. The bullfrog zombie hits you.
You slice the bullfrog zombie!! You block the bullfrog zombie's attack.
You slice the bullfrog zombie!!
You destroy the bullfrog zombie!
Qazlal accepts your kill.
No target in view!
No target in view!
No target in view!
No target in view!
The meliai zombie hits you but does no damage.
You block the meliai zombie's attack.
The meliai zombie hits you but does no damage.
The meliai zombie hits you.
You hit the meliai zombie. The meliai zombie hits you.
The meliai zombie barely misses you.
You cut the meliai zombie into ribbons!!!
The meliai zombie hits you but does no damage. x2
The meliai zombie barely misses you. You block the meliai zombie's attack.
You hit the meliai zombie.
The meliai zombie hits you but does no damage. x2
You closely miss the meliai zombie.
The meliai zombie hits you but does no damage.
You block the meliai zombie's attack.
You hit the meliai zombie. The meliai zombie closely misses you.
The meliai zombie hits you but does no damage.
The meliai zombie barely misses you. x2
You hit the meliai zombie but do no damage.
The meliai zombie hits you but does no damage. x2
You slash the meliai zombie!
You destroy the meliai zombie!
Qazlal accepts your kill.
No target in view!
No target in view!
You now have 1278 gold pieces (gained 11).
A mummy comes into view.
You hear a howl!
But you're not safe! But you're not safe! But you're not safe!
But you're not safe! You block the howler monkey's attack.
The howler monkey hits you but does no damage.
A howler monkey is nearby!
You barely miss the howler monkey. You block the howler monkey's attack.
Your chain mail prevents you from hitting the howler monkey.
You closely miss the howler monkey. The howler monkey closely misses you.
You slice the howler monkey!!
You kill the howler monkey!
Qazlal accepts your kill.
No target in view!
No target in view!
No target in view!
But you're not safe!
A wolf spider zombie comes into view.
The mummy hits you!
You hit the mummy. You slice the mummy!!
You destroy the mummy!
Qazlal accepts your kill. The ghoul barely misses you.
You block the ghoul's attack.
You hit the ghoul. You slash the wolf spider zombie!
You block the ghoul's attack. The ghoul closely misses you.
The wolf spider zombie hits you!
The wolf spider zombie bites you but does no damage.
You slash the ghoul! You slash the wolf spider zombie!
The wolf spider zombie barely misses you.
You block the wolf spider zombie's attack.
The ghoul claws you but does no damage. The ghoul claws you!
You slice the wolf spider zombie!! You slash the ghoul! The ghoul claws you! x2
You hit the ghoul but do no damage. You barely miss the jelly.
You fade into invisibility!
You are very lightly contaminated with residual magic.
You feel somewhat more hungry. The ghoul claws you but does no damage.
The ghoul closely misses you.
You catch the helpless ghoul completely off-guard!
You hit the ghoul but do no damage. You hit the jelly but do no damage.
The acid corrodes you!
Your hands burn!
The jelly barely misses you. You block the ghoul's attack. The ghoul claws you!
The manticore flicks its tail.
The volley of spikes hits the jelly!!
The jelly dies!
You slash the ghoul! You block the ghoul's attack. The ghoul claws you!!
The manticore flicks its tail.
The volley of spikes misses you.
You catch the helpless ghoul completely off-guard!
You slash the ghoul!
You catch the helpless ghoul completely off-guard!
You hit the ghoul but do no damage.
The ghoul claws you but does no damage. x2
You barely miss the ghoul.
You strike the helpless manticore from behind!
You slice the manticore!!
A meliai zombie comes into view.
The manticore bites you!
The manticore claws you but does no damage.
The manticore claws you. The ghoul barely misses you. The ghoul claws you!
You feel better. You block the manticore's attack.
The manticore closely misses you.
The manticore claws you but does no damage.
The ghoul claws you!!
* * * LOW HITPOINT WARNING * * *
The ghoul claws you!!
You die...

#P..≈......####.# #
###....#.###...# #.
##.##.#.#...### #.#
##..##...#.### ...###..####..#.#
#.#...## ##...# .... #...####
#...## ...!.. ###ZlH.####...#
...... ##.Z##@...#...###...... ..
#.J####n.....#......... .## #.##
#................ §§# #.l.#
#.....#.......(.. .§## .......
..................
§§§####.......##....#.#..........
§§§§§....####.#....##.#.##......#
§§§.###.. .....##..#.....#####
§.§##... ..............8.#


You could see a ghoul, a manticore, a basilisk and a meliai zombie (wandering).

Vanquished Creatures
  Kirke (Lair:5)
  A ghoul (D:12)
  A minotaur (Gauntlet)
  A catoblepas (Gauntlet)
  3 hydras
  A death knight (D:12)
  A centaur warrior (D:13)
  14 death yaks
  A two-headed ogre (D:8)
  Nergalle (Lair:3)
  2 unseen horrors (D:13)
  An obsidian statue (Gauntlet)
  Pikel (D:9)
  A wolf spider zombie (D:12)
  3 ugly things
  A manticore (D:11)
  3 oklob plants (Lair:5)
  A cyclops (D:12)
  Maurice (D:12)
  3 centaur zombies
  3 elephants
  6 black mambas
  2 ice statues (IceCv)
  2 rime drakes
  11 spiny frogs
  2 gargoyles (Gauntlet)
  A kobold demonologist (D:11)
  9 komodo dragons
  14 ice devils
  A queen bee (Lair:3)
  4 trolls
  4 slime creatures (D:13)
  A meliai zombie (D:13)
  6 hornets
  21 blink frogs
  10 hippogriffs
  A shadow (D:12)
  41 yaks
  11 wyverns
  A wyvern (shapeshifter) (D:13)
  11 spriggans (Lair:4)
  7 basilisks
  3 hogs (Lair:5)
  A black bear (D:8)
  A steam dragon (D:10)
  A hungry ghost (D:9)
  A warg (D:9)
  2 swamp worms (Gauntlet)
  3 nagas (Lair:4)
  19 water moccasins
  10 porcupines
  8 orc warriors
  2 phantoms
  5 sky beasts
  2 ice beasts (D:13)
  2 necrophages
  16 wolves
  3 boggarts (Lair:4)
  9 ogres
  7 centaurs
  17 crocodiles
  2 big kobolds
  19 bullfrogs
  2 wyvern zombies
  2 gnoll sergeants (D:8)
  2 scorpions
  A wyvern skeleton (D:9)
  A water moccasin skeleton (D:9)
  29 killer bees (Lair:3)
  2 electric eels (Lair:1)
  3 wights (D:6)
  A vampire bat (Lair:1)
  7 howler monkeys
  6 crimson imps
  6 bullfrog zombies
  2 quasits
  5 hounds
  12 orc priests
  3 bullfrog skeletons
  4 jellies
  A centaur skeleton (D:11)
  9 orc wizards
  4 iguanas
  8 worker ants
  A hell rat (Lair:3)
  A hound zombie (D:6)
  A mummy (D:13)
  2 worker ant zombies
  Robin (D:3)
  12 adders
  7 gnolls
  9 white imps (IceCv)
  6 ufetubi (IceCv)
  4 worms
  5 dart slugs
  7 leopard geckos
  41 orcs
  15 bats
  6 giant cockroaches
  14 goblins
  14 hobgoblins
  12 jackals
  16 kobolds
  6 quokkas
  4 ball pythons
  3 frilled lizards
  A jackal skeleton (D:7)
  A leopard gecko zombie (D:8)
  11 rats
  3 fungi (Lair:5)
  9 plants
666 creatures vanquished.

Vanquished Creatures (collateral kills)
  Joseph (D:8)
  Grum (D:8)
  A wolf (D:8)
  A centaur (D:8)
  A bullfrog skeleton (D:8)
  An orc wizard (D:9)
  A hound skeleton (D:9)
  A howler monkey zombie (D:8)
  A gnoll (D:8)
  2 orcs
11 creatures vanquished.

Vanquished Creatures (others)
  A reaper (IceCv)
  3 hydras
  An elephant (Lair:6)
  2 komodo dragons (Lair:1)
  A spriggan (Lair:4)
  A yak (Lair:2)
  4 slaves (D:9)
  A centaur (D:11)
  2 wights (D:6)
  A jelly (D:13)
  2 white imps (IceCv)
  An ufetubus (IceCv)
  An orc (D:10)
  14 fungi
  18 plants
53 creatures vanquished.

Grand Total: 730 creatures vanquished

Notes
Turn   | Place    | Note
-------+----------+-------------------------------------------
     0 | D:1      | sentinel the Hill Orc Air Elementalist began the quest for
                  | the Orb.
     0 | D:1      | Reached XP level 1. HP: 14/14 MP: 3/3
    70 | D:1      | Reached skill level 1 in Fighting
   163 | D:1      | Reached XP level 2. HP: 24/24 MP: 0/4
   470 | D:1      | Reached XP level 3. HP: 25/31 MP: 1/5
  1055 | D:2      | Found a radiant altar of Vehumet.
  1296 | D:2      | Reached XP level 4. HP: 39/40 MP: 6/6
  1380 | D:2      | Found a sparkling altar of Nemelex Xobeh.
  1421 | D:2      | Reached skill level 1 in Short Blades
  1861 | D:3      | Found a hide-covered altar of Uskayaw.
  1924 | D:3      | Found an iron altar of Okawaru.
  1935 | D:3      | Reached XP level 5. HP: 41/47 MP: 7/7
  2125 | D:3      | Noticed Robin
  2150 | D:3      | Killed Robin
  2150 | D:3      | Reached skill level 5 in Fighting
  2504 | D:3      | You fall into a shaft and drop 1 floor!
  2505 | D:4      | Noticed a phantom
  2523 | D:4      | Killed a phantom
  2523 | D:4      | Reached XP level 6. HP: 51/57 MP: 8/8
  2710 | D:4      | Found Ykyokuge's Food Shoppe.
  3550 | D:5      | Entered Level 5 of the Dungeon
  3563 | D:5      | Reached XP level 7. HP: 64/64 MP: 9/9
  3594 | D:5      | Found a staircase to the Ecumenical Temple.
  3613 | Temple   | Entered the Ecumenical Temple
  3647 | Temple   | Became a worshipper of Ru the Awakened
  3654 | Temple   | Reached skill level 1 in Armour
  3948 | D:5      | Reached skill level 1 in Evocations
  4206 | D:5      | Reached skill level 1 in Axes
  4357 | D:5      | Reached skill level 2 in Axes
  4787 | D:6      | Found a runed translucent gate.
  4787 | D:6      | Found a runed translucent gate.
  4787 | D:6      | Found a runed translucent gate.
  4788 | D:6      | Noticed Flugkiller's ghost (amateur SpEn)
  4792 | D:6      | Gained mutation: You are sensitive to extremes of
                  | temperature. (rF-, rC-) [Ru sacrifice]
  4792 | D:6      | Reached * piety under Ru
  4792 | D:6      | Reached ** piety under Ru
  4829 | D:6      | Reached skill level 3 in Axes
  4829 | D:6      | Reached XP level 8. HP: 64/73 MP: 10/10
  5045 | D:6      | Reached skill level 4 in Axes
  6008 | D:7      | Found a runed translucent door.
  6008 | D:7      | Noticed nebnoj's ghost (novice MiFi)
  6028 | D:7      | Found Ehoawk's Book Emporium.
  6081 | D:6      | Reached skill level 5 in Axes
  6406 | D:7      | Reached XP level 9. HP: 33/81 MP: 11/11
  6874 | D:7      | Reached skill level 6 in Axes
  7137 | D:7      | You fall into a shaft and drop 1 floor!
  7434 | D:8      | Found a transporter.
  7438 | D:8      | Noticed SamuraiZach's ghost (novice TrBe)
  7449 | D:8      | Found a transporter.
  7513 | D:8      | Noticed Grum
  7526 | D:8      | Killed Grum
  7526 | D:8      | Reached skill level 7 in Axes
  7581 | D:8      | Gained mutation: You cannot be stealthy. [Ru sacrifice]
  7581 | D:8      | Reached *** piety under Ru
  7615 | D:8      | Noticed Joseph
  7641 | D:8      | Killed Joseph
  7731 | D:8      | Reached skill level 8 in Axes
  7731 | D:8      | Reached skill level 5 in Armour
  7791 | D:8      | Found an ornate altar of the Wu Jian Council.
  7796 | D:8      | Found a shimmering blue altar of Sif Muna.
  7802 | D:8      | Found a blossoming altar of Fedhas.
  8131 | D:8      | Noticed a two-headed ogre
  8137 | D:8      | Killed a two-headed ogre
  8137 | D:8      | Reached skill level 9 in Axes
  8137 | D:8      | Reached XP level 10. HP: 88/88 MP: 13/13
  8232 | D:8      | Found a burning altar of Makhleb.
  8234 | D:8      | Found a hazy altar of Hepliaklqana.
  8359 | D:8      | Found a white marble altar of Elyvilon.
  8361 | D:8      | Found an opulent altar of Gozag.
  8362 | D:8      | Found a shattered altar of Ashenzari.
  8485 | D:9      | Reached skill level 1 in Shields
  8491 | D:9      | Noticed a death yak
  8491 | D:9      | Noticed a death yak
  8634 | D:9      | Noticed Pikel
  8647 | D:9      | Killed Pikel
  8652 | D:9      | Found a staircase to the Lair.
  8653 | D:9      | Noticed a death yak
  8690 | D:8      | Killed a death yak
  8690 | D:8      | Reached skill level 10 in Axes
  9651 | D:9      | Reached skill level 10 in Fighting
  9662 | D:9      | Reached skill level 11 in Axes
 10058 | D:9      | Reached XP level 11. HP: 100/100 MP: 14/14
 10292 | D:9      | Noticed a death yak
 10293 | D:9      | Noticed a death yak
 10339 | D:8      | Killed a death yak
 10682 | D:9      | Noticed a death yak
 10731 | D:9      | Noticed a death yak
 10998 | D:9      | Reached skill level 12 in Axes
 11025 | D:9      | Killed a death yak
 11348 | D:8      | Killed a death yak
 11677 | D:8      | Killed a death yak
 11969 | D:9      | Killed a death yak
 11969 | D:9      | Reached skill level 13 in Axes
 12341 | D:9      | Paralysed by fainting for 8 turns
 12415 | D:9      | Killed a death yak
 12865 | D:9      | Found a staircase to the Lair.
 13185 | D:10     | Entered Level 10 of the Dungeon
 13309 | D:10     | Gained mutation: You cannot study or cast Earth magic. [Ru
                  | sacrifice]
 13309 | D:10     | Gained mutation: You cannot study or cast Necromancy magic.
                  | [Ru sacrifice]
 13309 | D:10     | Gained mutation: You cannot study or cast Summoning magic.
                  | [Ru sacrifice]
 13309 | D:10     | Reached **** piety under Ru
 14130 | D:10     | Found a staircase to the Orcish Mines.
 14911 | D:11     | Found Wiphooc's Antique Armour Boutique.
 15099 | D:11     | Reached skill level 14 in Axes
 15396 | D:11     | Identified a scroll of acquirement
 15717 | D:11     | Noticed a manticore
 15735 | D:11     | Killed a manticore
 15735 | D:11     | Reached XP level 12. HP: 90/111 MP: 15/15
 16082 | Lair:1   | Entered Level 1 of the Lair of Beasts
 16339 | Lair:1   | Gained mutation: You are somewhat inexperienced. (-2 XL)
                  | [Ru sacrifice]
 16339 | Lair:1   | Reached XP level 11. HP: 62/104 MP: 14/14
 16339 | Lair:1   | Reached XP level 10. HP: 62/97 MP: 13/13
 16339 | Lair:1   | Reached ***** piety under Ru
 16342 | Lair:1   | Killed a spiny frog
 16525 | Lair:1   | Noticed a spiny frog
 16533 | Lair:1   | Killed a spiny frog
 16548 | Lair:1   | Reached skill level 15 in Axes
 17265 | Lair:1   | Got an ivory long sword
 17721 | Lair:1   | Reached XP level 11. HP: 96/105 MP: 14/14
 18360 | Lair:2   | Noticed a seven-headed hydra
 18371 | Lair:2   | Killed a seven-headed hydra
 18550 | Lair:2   | Gained mutation: You are clumsy. (Dex -2) [Ru sacrifice]
 18550 | Lair:2   | Reached ****** piety under Ru
 18637 | Lair:2   | Reached skill level 16 in Axes
 18983 | Lair:2   | Noticed a six-headed hydra
 18998 | Lair:2   | Killed a six-headed hydra
 18998 | Lair:2   | Reached skill level 5 in Evocations
 19289 | Lair:3   | Noticed Nergalle
 19307 | Lair:3   | Killed Nergalle
 19402 | Lair:3   | Found a staircase to the Shoals.
 19414 | Lair:3   | Identified the +5 long sword "Tolaboax" {distort, +Rage}
                  | (You found it on level 1 of the Lair of Beasts)
 19522 | Lair:3   | Reached XP level 12. HP: 93/115 MP: 16/16
 19603 | Lair:3   | Reached skill level 17 in Axes
 19796 | Lair:3   | Found a gate leading to a gauntlet.
 19803 | Gauntlet | Entered a Gauntlet
 19803 | Gauntlet | Found a transporter.
 19804 | Gauntlet | Found a runed translucent gate.
 19804 | Gauntlet | Found a runed translucent gate.
 19804 | Gauntlet | Found a runed translucent gate.
 19804 | Gauntlet | Noticed a catoblepas
 19806 | Gauntlet | Found a transporter.
 19810 | Gauntlet | Found a transporter.
 19815 | Gauntlet | Found a transporter.
 19818 | Gauntlet | Found a transporter.
 19822 | Gauntlet | Found a transporter.
 19827 | Gauntlet | Found a transporter.
 19830 | Gauntlet | Found a transporter.
 19834 | Gauntlet | Found a transporter.
 19840 | Gauntlet | Found a transporter.
 19846 | Gauntlet | Found a transporter.
 19847 | Gauntlet | Found a transporter.
 19852 | Gauntlet | Found a transporter.
 19852 | Gauntlet | Noticed a dire elephant
 19855 | Gauntlet | Found a transporter.
 19949 | Gauntlet | Killed a catoblepas
 20267 | Gauntlet | Got a twisted hat
 20279 | Gauntlet | Identified the +1 hat of Watchfulness {MR+ Str+4} (You
                  | found it in a Gauntlet)
 20319 | Gauntlet | Noticed a minotaur
 20324 | Gauntlet | Killed a minotaur
 20332 | Gauntlet | Identified the Volume of Captivating Ice
 20338 | Gauntlet | Got a faintly glowing buckler
 20359 | Gauntlet | Identified the +3 buckler of the Forgotten Artisans {rN+}
                  | (You found it in a Gauntlet)
 20434 | Lair:3   | Noticed an eight-headed hydra
 20471 | Lair:3   | Killed an eight-headed hydra
 20833 | Lair:3   | Reached skill level 18 in Axes
 21475 | Lair:3   | Noticed a six-headed hydra
 21475 | Lair:3   | Noticed a death yak
 21489 | Lair:3   | Killed a six-headed hydra
 21499 | Lair:3   | Killed a death yak
 21499 | Lair:3   | Reached XP level 13. HP: 65/123 MP: 17/17
 21925 | Lair:3   | Reached skill level 5 in Shields
 22293 | Lair:4   | Got a warped brass ring
 22297 | Lair:4   | Identified the ring "Ipripne" {Fire rElec rPois} (You found
                  | it on level 4 of the Lair of Beasts)
 22531 | Lair:4   | Reached skill level 19 in Axes
 22710 | Lair:4   | Found a frozen archway.
 22740 | IceCv    | Entered an ice cave
 22951 | IceCv    | Killed a reaper
 23994 | Lair:4   | Found a staircase to the Snake Pit.
 24012 | Lair:4   | Reached skill level 20 in Axes
 25429 | Lair:5   | Noticed Kirke
 25466 | Lair:5   | Killed Kirke
 25466 | Lair:5   | Reached skill level 21 in Axes
 25472 | Lair:5   | Reached XP level 14. HP: 55/130 MP: 18/18
 26123 | Lair:5   | Found a staircase to the Slime Pits.
 26224 | Lair:6   | Entered Level 6 of the Lair of Beasts
 26986 | Lair:6   | Reached skill level 22 in Axes
 28095 | Temple   | Fell from the grace of Ru
 28095 | Temple   | Became a worshipper of Qazlal Stormbringer
 28721 | Lair:6   | Reached skill level 1 in Invocations
 29657 | D:12     | Reached skill level 5 in Invocations
 29789 | D:12     | Noticed Maurice
 29797 | D:12     | Killed Maurice
 29935 | D:12     | Reached * piety under Qazlal
 30552 | D:13     | Reached XP level 15. HP: 86/137 MP: 21/21
 30573 | D:13     | Noticed a ghoul
 30575 | D:13     | Noticed a ghoul
 30936 | D:12     | Killed a ghoul
 31154 | D:13     | Slain by a ghoul

Illustrated notes

Levels and vault maps discovered:
D:1:      scummos_arrival_gate, layout_basic, palyth_stone_intersect,
          minmay_tromino_mix6
D:2:      layout_loops_cross, lemuel_crystal_altar, first_ration,
          nemelex_diamond_rough_becter
D:3:      layout_rooms, eat_drink_and_be_merry_uskayaw, fountainhead,
          okawaru_altar_gauntlet_db, uniq_robin
D:4:      layout_cave_pools, serial_shops, nicolae_shop_trees
D:5:      layout_cave_pools, minmay_temple_entry_glass
D:6:      layout_basic, ebering_ghost_rock_garden, minivault_11, hex_large,
          minmay_unpleasant_kobolds
D:7:      layout_basic, serial_glass, glass_columns_c, glass_columns_a,
          glass_columns_a, glass_columns_b, glass_columns_b,
          hellmonk_ghost_happy_afterlife, serial_shops, shop
D:8:      layout_basic, minmay_overflow_temple_star_quad,
          grunt_temple_overflow_open, gammafunk_ghost_arena, uniq_grum,
          uniq_joseph
D:9:      layout_cave_pods, dpeg_lair_monsters, uniq_pikel
D:10:     layout_cave_pods, erik_orc_4
D:11:     layout_gridville, serial_shops,
          nicolae_shop_competitors_out_of_business, blue_anna_alchemist
          [blue_anna_fruit_fields, blue_anna_fruit_fields]
D:12:     layout_big_octagon, uniq_maurice
D:13:     layout_rooms, grunt_vaults_entry_fortified, serial_undead,
          serial_undead_c, serial_undead_b, serial_undead_a, serial_undead_a,
          serial_undead_f, serial_undead_f
Temple:   minmay_temple_bridge_abc
Lair:1:   layout_regular_city, roderic_batcave, beast_lair_carwin_11,
          serial_bayou_shore_a
Lair:2:   layout_regular_city
Lair:3:   regret_index_harrowing_hell_hive, layout_cave_pods,
          minmay_shoals_entry_centaurs, gauntlet_entry_generic, nzn_random_ring,
          uniq_nergalle
Lair:4:   kb_forest_paths, layout_big_grid, guppyfry_snake_entry_garden,
          portal_ice_cave_demonic_guard
Lair:5:   layout_small_grid, minmay_slime_entry_oklob_open, uniq_kirke
Lair:6:   hangedman_lair_tendril_chambers, layout_gridlike

Skill      XL: |  1  2  3  4  5  6  7  8  9 10 11 12 13 14 15 |
---------------+----------------------------------------------+-----
Fighting       | 2 3 4 5 6 7 9 12 13 | 13.9
Short Blades   | 1 3 4 |  4.0
Armour         | 2 3 5 7 8 |  8.1
Evocations     | 1 3 4 5 6 |  6.1
Dodging        | 2 3 4 |  4.0
Axes           | 3 5 9 15 16 18 21 22 | 22.6
Stealth        | 0 |  0.0
Shields        | 4 5 |  5.0
Invocations    | 8 9 |  9.8
Spellcasting   | |  1.5
Conjurations   | |  1.0
Air Magic      | |  2.4

Action                   |  1- 3 |  4- 6 |  7- 9 | 10-12 | 13-15 || total
-------------------------+-------+-------+-------+-------+-------++-------
Melee: Unarmed           |     8 |       |       |       |       ||     8
       Short sword       |    48 |    35 |    48 |       |       ||   131
       Dagger            |    39 |   202 |   418 |    25 |       ||   684
       Flail             |       |       |   126 |    30 |       ||   156
       Whip              |       |       |       |  1411 |   130 ||  1541
       Broad axe         |       |       |       |    98 |   841 ||   939
 Fire: Hunting sling     |    12 |       |       |     3 |       ||    15
Throw: Dart              |       |    11 |    22 |    24 |       ||    57
 Cast: Shock             |    24 |       |       |       |       ||    24
Invok: Sacrifice Resista |       |       |     1 |       |       ||     1
       Sacrifice Stealth |       |       |     1 |       |       ||     1
       Draw Out Power    |       |       |       |    19 |     4 ||    23
       Sacrifice Experie |       |       |       |     1 |       ||     1
       Sacrifice Purity  |       |       |       |     1 |       ||     1
       Sacrifice Arcana  |       |       |       |     1 |       ||     1
       Apocalypse        |       |       |       |     2 |     5 ||     7
 Abil: Evoke Invisibilit |       |       |       |       |     2 ||     2
Evoke: Wand              |       |       |     8 |     7 |     6 ||    21
       Lightning rod     |       |       |       |       |     5 ||     5
  Use: Scroll            |       |     5 |     8 |    14 |     6 ||    33
       Potion            |       |       |     3 |     1 |     1 ||     5
 Stab: Invisible         |       |       |     5 |     9 |    17 ||    31
       Paralysed         |       |       |     9 |    22 |    17 ||    48
       Distracted        |       |       |     2 |     3 |     2 ||     7
       Petrified         |       |       |       |     8 |       ||     8
       Petrifying        |       |       |       |     2 |       ||     2
  Eat: Chunk             |     2 |     7 |    16 |    23 |    19 ||    67
       Ration            |       |       |       |     9 |     4 ||    13
Armor: Robe              |    23 |       |       |       |       ||    23
       Ring mail         |    13 |   100 |   214 |       |       ||   327
       Chain mail        |       |       |    87 |   742 |   260 ||  1089
       Leather armour    |       |       |       |       |   149 ||   149
Dodge: Dodged            |   107 |   112 |   327 |   448 |   315 ||  1309
Block: Buckler           |       |       |       |   290 |   194 ||   484
